 Seeded DCSS version 0.26-a0-42-g4f27934 (webtiles) character file.

Game seed: 11301349378719138389

4549 Auros the Frost Mage (level 10, -1/70 HPs)
             Began as a Merfolk Ice Elementalist on June 1, 2020.
             Was a Believer of Vehumet.
             Slain by an ice beast (16 damage)
             ... on level 11 of the Dungeon.
             The game lasted 00:35:48 (9316 turns).

Auros the Frost Mage (Merfolk Ice Elementalist)     Turns: 9316, Time: 00:35:49

Health: -1/70      AC:  4    Str:  9    XL:     10   Next: 40%
Magic:  0/19       EV: 16    Int: 22    God:    Vehumet [**....]
Gold:   383        SH:  0    Dex: 14    Spells: 6/21 levels left

rFire    + . .     SeeInvis .   f - +5 scythe (freeze)
rCold    x . .     Gourm    .   (shield currently unavailable)
rNeg     . . .     Faith    .   K - +2 robe of the Morning Star {rF+ rC- Int+4}
rPois    .         Spirit   +   (no helmet)
rElec    .         Reflect  .   w - scarf {+Inv}
rCorr    .         Harm     .   (no gloves)
MR       .....                  (no boots)
Stlth    ++........             x - amulet of guardian spirit
HPRegen  0.21/turn              (no ring)
MPRegen  0.16/turn              (no ring)

@: no status effects
A: change form in water, swift swim, stealthy swim
a: Renounce Religion, Evoke Invisibility


You were on level 11 of the Dungeon.
You worshipped Vehumet.
Vehumet was pleased with you.
You were not hungry.

You visited 2 branches of the dungeon, and saw 10 of its levels.

You collected 383 gold pieces.

Inventory:

Hand Weapons
 b - a +0 dagger
 e - a +1 whip of pain
 f - a +5 scythe of freezing (weapon)
Missiles
 l - 42 bolts
 n - 36 poisoned darts
 q - 31 sling bullets
 r - 82 arrows
 Z - 236 stones (quivered)
Armour
 a - a +0 robe
 p - a +0 cloak
 v - a +0 pair of gloves
 w - a scarf of invisibility (worn)
 K - the +2 robe of the Morning Star (worn) {rF+ rC- Int+4}
   (You found it on level 7 of the Dungeon)

   It affects your intelligence (+4).
   It protects you from fire.
   It makes you vulnerable to cold.
Jewellery
 x - an amulet of guardian spirit (around neck)
 B - the ring of Laamadump {rPois rC+ MP-9 Int+6 Dex+7}
   (You took it off an orc on level 5 of the Dungeon)

   [ring of intelligence]

   It affects your intelligence (+6).
   It affects your dexterity (+7).
   It protects you from cold.
   It protects you from poison.
   It affects your magic capacity (-9).
 I - a +6 ring of strength {unknown}
Wands
 o - a wand of flame (15)
 H - a wand of acid (14)
Scrolls
 c - 7 scrolls of remove curse
 i - 6 scrolls of identify
 k - a scroll of random uselessness {unknown}
 m - a scroll of fog
 t - 4 scrolls of teleportation
 y - a scroll of enchant weapon {unknown}
 C - a scroll of magic mapping {unknown}
 F - 2 scrolls of noise {unknown}
 L - a scroll of blinking {unknown}
 N - a scroll of vulnerability {unknown}
Potions
 d - a potion of berserk rage
 g - a potion of brilliance
 h - 10 potions of curing {unknown}
 j - a potion of lignification
 s - a potion of might
 u - a potion of cancellation
 A - a potion of haste {unknown}
 D - 2 potions of flight {unknown}
 E - 3 potions of heal wounds {unknown}
 G - a potion of degeneration {unknown}
 M - a potion of stabbing {unknown}
Comestibles
 z - 12 rations


   Skills:
 - Level 3.3 Fighting
 - Level 6.4 Polearms
 - Level 6.5 Dodging
 - Level 2.1 Stealth
 - Level 6.1 Spellcasting
 + Level 3.2 Conjurations
 - Level 4.3 Hexes
 - Level 9.3 Summonings
 - Level 11.5 Ice Magic


You had 6 spell levels left.
You knew the following spells:

 Your Spells              Type           Power        Failure   Level  Hunger
a - Freeze                Ice            ####         1%          1    None
b - Frozen Ramparts       Ice            ######       1%          3    #......
c - Summon Ice Beast      Ice/Summ       ######..     1%          4    ###....
d - Summon Guardian Gole  Hex/Summ       #####...     1%          3    #......
e - Hailstorm             Conj/Ice       #####...     4%          4    ###....

Your spell library contained the following spells:

 Spells                   Type           Power        Failure   Level  Hunger
 Dazzling Flash           Conj/Hex       ###...       5%          3    #......
 Summon Small Mammal      Summ           ####         1%          1    None
 Call Imp                 Summ           #####...     1%          2    None
 Call Canine Familiar     Summ           #####...     1%          3    #......
 Ozocubu's Armour         Chrm/Ice       ####....     2%          3    #......
 Summon Lightning Spire   Summ/Air       ####....     13%         4    ###....
 Iskenderun's Battlesphe  Conj/Chrm      ##......     78%         5    #####..
 Bolt of Magma            Conj/Fire/Erth ##........   85%         5    #####..
 Iron Shot                Conj/Erth      ##........   100%        6    ######.
 Spellforged Servitor     Conj/Summ      ####......   99%         7    #######
 Orb of Destruction       Conj           ###.......   100%        7    #######


Dungeon Overview and Level Annotations

Branches:
Dungeon (8/15)             Temple (1/1) D:4
   Lair: D:8-11

Altars:
Ashenzari
Cheibriados
Dithmenos
Elyvilon
Fedhas
Gozag
Hepliaklqana
Makhleb
Nemelex Xobeh
Okawaru
Qazlal
Ru
Sif Muna
Trog
Vehumet
Wu Jian
Xom
Yredelemnul
Zin
The Shining One


Message History

Casting: Summon Ice Beast (dangerous; 1% risk of failure)
Confirm with . or Enter, or press ? or * to list all spells.
A guardian golem appears, shielding your allies.
The ice beast misses you.
You barely miss the ice beast.
The ice beast is lightly wounded.
The ice beast misses you. The ice beast barely misses you.
Casting: Summon Guardian Golem (safe; 1% risk of failure)
Confirm with . or Enter, or press ? or * to list all spells.
The spell is dangerous to cast (1% risk of failure)!
Continue anyway?
A chill wind blows around you. The ice beast hits you.
* * * LOW HITPOINT WARNING * * *
The ice beast freezes you!
You feel a terrible chill!
* * * LOW HITPOINT WARNING * * *
Your ice beast hits the ice beast.
Your ice beast freezes the ice beast.
The ice beast completely resists.
The ice beast hits you.
* * * LOW HITPOINT WARNING * * *
The ice beast freezes you!
You feel a terrible chill!
You die...

......#...#.....#..................
......#...#.###.#..................
......#...#.....#..................
......###'#.....#..................
................############'######
............##.....................
............##....#.Y.####.........
.......###..##....#.8.####.........
####........##...@#................
...............YY................
##################################


You could see an ice beast and a friendly ice beast (summoned, sheltered).

Vanquished Creatures
  A hippogriff (D:11)
  Sigmund (D:3)
  A water moccasin (D:6)
  Duvessa (D:7)
  An ice beast (D:6)
  3 phantoms
  A sky beast (D:5)
  A slave (D:7)
  2 ogres (D:4)
  A centaur (D:5)
  2 big kobolds (D:7)
  2 bullfrogs (D:8)
  3 scorpions
  2 howler monkeys
  3 bullfrog zombies
  A centaur zombie (D:5)
  A quasit (D:5)
  2 hounds (D:8)
  6 orc wizards
  A bullfrog skeleton (D:4)
  3 orc priests
  Terence (D:3)
  7 iguanas
  2 worker ants (D:4)
  A hound skeleton (D:3)
  A worker ant zombie (D:8)
  15 adders
  6 oozes
  2 worms
  2 dart slugs (D:2)
  5 leopard geckos
  25 orcs
  3 bats
  9 giant cockroaches
  4 hobgoblins
  7 jackals
  2 quokkas
  4 ball pythons
  3 frilled lizards (D:2)
  6 goblins
  5 kobolds
  A leopard gecko zombie (D:5)
  A quokka zombie (D:6)
  5 rats
156 creatures vanquished.

Vanquished Creatures (collateral kills)
  Erica (D:8)
  Pikel (D:7)
  A hippogriff (D:8)
  An orc warrior (D:8)
  2 eyes of draining (D:7)
  An ogre (D:6)
  3 slaves (D:7)
  A centaur (D:7)
  Dowan (D:7)
  A scorpion (D:5)
  A crimson imp (D:5)
  A bullfrog skeleton (D:5)
  An orc wizard (D:8)
  A centaur skeleton (D:8)
  A worker ant (D:8)
  A dart slug (D:4)
  2 orcs
21 creatures vanquished.

Vanquished Creatures (others)
  A jackal zombie (D:5)
1 creature vanquished.

Grand Total: 178 creatures vanquished

Notes
Turn   | Place    | Note
-------+----------+-------------------------------------------
     0 | D:1      | Auros the Merfolk Ice Elementalist began the quest for the
                  | Orb.
     0 | D:1      | Reached XP level 1. HP: 13/13 MP: 3/3
   231 | D:1      | Reached XP level 2. HP: 14/19 MP: 3/5
   244 | D:1      | Reached skill level 5 in Ice Magic
   795 | D:1      | Reached XP level 3. HP: 14/24 MP: 4/6
  1265 | D:2      | Learned a level 3 spell: Frozen Ramparts
  1374 | D:2      | Reached skill level 6 in Ice Magic
  1374 | D:2      | Reached XP level 4. HP: 27/30 MP: 5/7
  1687 | D:2      | Found a hazy altar of Hepliaklqana.
  2170 | D:2      | Found a glowing golden altar of the Shining One.
  2424 | D:3      | Reached XP level 5. HP: 35/35 MP: 4/8
  2468 | D:3      | Learned a level 4 spell: Summon Ice Beast
  2825 | D:3      | Reached skill level 1 in Summonings
  2898 | D:3      | Noticed Terence
  2905 | D:3      | Killed Terence
  2905 | D:3      | Reached skill level 7 in Ice Magic
  3426 | D:3      | Reached skill level 11 in Ice Magic
  3426 | D:3      | Reached XP level 6. HP: 36/41 MP: 9/9
  3427 | D:3      | Reached XP level 7. HP: 46/52 MP: 10/10
  3530 | D:3      | Noticed Sigmund
  3540 | D:3      | Killed Sigmund
  3799 | D:4      | Reached XP level 8. HP: 58/58 MP: 7/11
  3992 | D:4      | Found a basalt altar of Yredelemnul.
  4427 | D:4      | Found a staircase to the Ecumenical Temple.
  4434 | Temple   | Entered the Ecumenical Temple
  4522 | Temple   | Became a worshipper of Vehumet
  4607 | D:4      | Found a shadowy altar of Dithmenos.
  4862 | D:5      | Entered Level 5 of the Dungeon
  4904 | D:5      | Learned a level 3 spell: Summon Guardian Golem
  5081 | D:5      | Found an iron altar of Okawaru.
  5459 | D:5      | Reached XP level 9. HP: 30/64 MP: 1/15
  5640 | D:5      | Found a stormy altar of Qazlal.
  5955 | D:5      | Identified the ring of Laamadump {rPois rC+ MP-9 Int+6
                  | Dex+7}
  5959 | D:5      | Reached * piety under Vehumet
  5959 | D:5      | Offered knowledge of Shock by Vehumet.
  6167 | D:5      | Learned a level 4 spell: Hailstorm
  6260 | D:6      | Found a shimmering altar of Xom.
  6264 | D:6      | Found a sacrificial altar of Ru.
  6274 | D:6      | Reached skill level 5 in Spellcasting
  6822 | D:6      | Found a shattered altar of Ashenzari.
  7244 | D:6      | Reached ** piety under Vehumet
  7244 | D:6      | Offered knowledge of Sandblast by Vehumet.
  7740 | D:7      | Found a bloodstained altar of Trog.
  7891 | D:7      | Noticed Pikel
  7912 | D:7      | Killed Pikel
  7912 | D:7      | Reached XP level 10. HP: 63/70 MP: 3/19
  8528 | D:7      | Noticed Duvessa
  8528 | D:7      | Noticed Dowan
  8540 | D:7      | Killed Duvessa
  8542 | D:7      | Killed Dowan
  8635 | D:7      | Got a crude robe
  8646 | D:7      | Identified the +2 robe of the Morning Star {rF+ rC- Int+4}
                  | (You found it on level 7 of the Dungeon)
  8688 | D:8      | Reached skill level 1 in Conjurations
  9010 | D:8      | Offered knowledge of Dazzling Flash by Vehumet.
  9010 | D:8      | Noticed Erica
  9022 | D:8      | Killed Erica
  9163 | D:8      | You fall into a shaft and drop 3 floors!
  9316 | D:11     | Slain by an ice beast

Illustrated notes

Levels and vault maps discovered:
D:1:      roderic_crop_circles_arrival_small, layout_basic, st_stairs_6
D:2:      layout_loops_cross, nicolae_tso_swordbearing_angel, marbit_many_paths,
          first_ration
D:3:      layout_loops_ring, uniq_sigmund, uniq_terence
D:4:      layout_basic, nicolae_overflow_hidden_temple, grunt_dithmenos_shadows,
          minmay_temple_entry_proselytizer
D:5:      layout_rooms, nicolae_qazlal_style_of_elements, okawaru_gym_becter
D:6:      layout_basic, kennysheep_little_box,
          chequers_temple_overflow_statue_of_worship
D:7:      layout_gridville, trog_eyes_of_draining, uniq_duvessa, uniq_pikel
D:8:      layout_rooms, kennysheep_generic_room_11, uniq_erica
D:11:     minmay_bloctagon, layout_stronghold
Temple:   zaba_magenta_temple

Skill      XL: |  1  2  3  4  5  6  7  8  9 10 |
---------------+-------------------------------+-----
Ice Magic      | 5 6 11 | 11.5
Summonings     | 8 9 |  9.3
Fighting       | 3 |  3.3
Polearms       | 6 |  6.4
Dodging        | 6 |  6.5
Hexes          | 4 |  4.3
Spellcasting   | 4 6 |  6.1
Conjurations   | 3 |  3.2
Stealth        | |  2.1

Action                   |  1- 3 |  4- 6 |  7- 9 | 10-12 || total
-------------------------+-------+-------+-------+-------++-------
Melee: Dagger            |   100 |    31 |       |       ||   131
       Whip              |       |    42 |       |       ||    42
       Scythe            |       |       |   161 |    57 ||   218
Throw: Stone             |       |       |       |     2 ||     2
 Cast: Freeze            |    22 |     7 |    13 |       ||    42
       Frozen Ramparts   |     2 |    12 |    20 |     1 ||    35
       Summon Ice Beast  |       |       |    14 |     8 ||    22
       Summon Guardian G |       |       |     6 |     3 ||     9
       Hailstorm         |       |       |     3 |     1 ||     4
  Use: Potion            |       |     3 |       |       ||     3
       Scroll            |       |       |     7 |       ||     7
 Stab: Sleeping          |     1 |     6 |     3 |     1 ||    11
       Distracted        |       |       |     1 |       ||     1
  Eat: Chunk             |     2 |     7 |    19 |     4 ||    32
       Ration            |       |       |       |     1 ||     1
Armor: Robe              |    23 |    15 |    14 |    14 ||    66
       Skin              |       |     1 |       |       ||     1
Dodge: Dodged            |    76 |    43 |   147 |    54 ||   320

Table legend:
 A = Non-vault XP
 B = Vault XP
 C = Vault XP percentage of total XP
 D = Non-vault monster count
 E = Vault monster count
 F = Vault count percentage of total count
                 A         B        C        D         E       F
            +---------+---------+-------+---------+---------+-------
      Total |    3580 |    2193 |  38.0 |     157 |      16 |   9.2
            +---------+---------+-------+---------+---------+-------
        D:1 |      43 |       1 |   2.3 |      19 |       1 |   5.0
        D:2 |     105 |      13 |  11.0 |      25 |       1 |   3.8
        D:3 |      66 |     185 |  73.7 |      14 |       2 |  12.5
        D:4 |     567 |     169 |  23.0 |      20 |       2 |   9.1
        D:5 |     944 |       0 |   0.0 |      27 |       0 |   0.0
        D:6 |     957 |       0 |   0.0 |      32 |       0 |   0.0
        D:7 |     128 |    1052 |  89.2 |       4 |       7 |  63.6
        D:8 |     590 |     773 |  56.7 |      15 |       3 |  16.7
       D:11 |     180 |       0 |   0.0 |       1 |       0 |   0.0
            +---------+---------+-------+---------+---------+-------
